 Dungeon Crawl Stone Soup version 0.29-a0-284-gf9362112df (webtiles) character file.

Game seed: 15267947669409457018

250 sammy202020 the Skirmisher (level 6, 0/57 HPs)
             Began as a Naga Fighter on Mar 20, 2022.
             Killed from afar by an orc wizard (7 damage)
             ... with a puff of flame
             ... on level 4 of the Dungeon.
             The game lasted 00:06:25 (3456 turns).

sammy202020 the Skirmisher (Naga Fighter)           Turns: 3456, Time: 00:06:26

Health: 0/57       AC:  8    Str: 20    XL:     6   Next: 13%
Magic:  6/6        EV:  7    Int: 10    God:
Gold:   185        SH:  4    Dex: 11    Spells: 5/5 levels left

rFire   . . .      SeeInvis +   n - +5 spear "Plog" {speed, rN+ Str+2}
rCold   + . .      Faith    .   c - +0 buckler
rNeg    + . .      Spirit   .   b - +0 scale mail
rPois   +          Reflect  .   e - +0 helmet
rElec   .          Harm     .   l - +0 cloak
rCorr   +          Rampage  .   (no gloves)
Will    .....                   (no barding)
Stlth   ..........              (no amulet)
HPRegen 0.19/turn               h - ring of protection from cold
MPRegen 0.10/turn               k - ring of resist corrosion

@: mighty, very slow
A: AC +2, large, see invisible, deformed body, poison resistance, slowness 2,
spit poison 1, naga tail 1
a: Spit Poison


You were on level 4 of the Dungeon.
You visited 1 branch of the dungeon, and saw 4 of its levels.

You collected 185 gold pieces.

Inventory:

Hand Weapons
 a - a +0 flail
 i - a +3 mace
 n - the +5 spear "Plog" (weapon) {speed, rN+ Str+2}
   (You took it off a goblin on level 2 of the Dungeon)

   Attacks with this weapon are significantly faster.
   Str:       It affects your strength (+2).
   rN:        It protects you from negative energy.
 u - a +0 flail
Armour
 b - a +0 scale mail (worn)
 c - a +0 buckler (worn)
 e - a +0 helmet (worn)
 l - a +0 cloak (worn)
Jewellery
 h - a ring of protection from cold (left hand)
 k - a ring of resist corrosion (right hand)
 v - a +6 ring of intelligence
Scrolls
 j - a scroll of noise
 r - 2 scrolls of teleportation
Potions
 g - a potion of degeneration
 m - a potion of cancellation
 q - 2 potions of ambrosia
 t - a potion of mutation {unknown}


   Skills:
 * Level 4.2 Fighting
 - Level 2.3(2.6) Maces & Flails
 + Level 1.3(2.1) Staves
 * Level 3.4 Armour
 + Level 1.1 Dodging
 * Level 3.4 Shields


You had 5 spell levels left.
You didn't know any spells.
Your spell library contained the following spells:

 Spells                   Type           Power      Damage    Failure   Level
 Foxfire                  Conj/Fire      0%         2x1d4     78%         1
 Freeze                   Ice            0%         1d3       78%         1
 Shock                    Conj/Air       0%         1d3       78%         1
 Corpse Rot               Necr/Air       0%         N/A       89%         2
 Poisonous Vapours        Pois/Air       0%         N/A       89%         2
 Static Discharge         Conj/Air       0%         N/A       89%         2
 Conjure Flame            Conj/Fire      0%         6-21      98%         3
 Frozen Ramparts          Ice            0%         1d2       98%         3
 Inner Flame              Hex/Fire       0%         N/A       98%         3
 Swiftness                Air            0%         N/A       98%         3
 Airstrike                Air            0%         N/A       100%        4
 Animate Armour           Summ/Erth      0%         N/A       100%        4
 Flame Wave               Conj/Fire      0%         2d4       100%        4
 Hailstorm                Conj/Ice       0%         3d3       100%        4
 Blade Hands              Tmut           0%         N/A       100%        5
 Lightning Bolt           Conj/Air       0%         1d11      100%        5
 Iron Shot                Conj/Erth      0%         9d1       100%        6
 Maxwell's Capacitive Co  Air            0%         ∞         100%        8


Dungeon Overview and Level Annotations

Branches:
Dungeon (4/15)
 Temple: D:4-7

Altars:
Dithmenos

Shops:
D:1 =   D:3 ?


Innate Abilities, Weirdness & Mutations

Your serpentine skin is tough. (AC +2)
You have supernaturally acute eyesight. (SInv)
Armour fits poorly on your strangely shaped body.
Your system is resistant to poisons. (rPois)
You cover ground very slowly.
You can spit poison.
You have a snake-like lower body.


Message History

You are too injured to fight recklessly!
You are too injured to fight recklessly!
The orc warrior closely misses you.
You are too injured to fight recklessly!
You are too injured to fight recklessly!
You are too injured to fight recklessly!
You are too injured to fight recklessly!
You are too injured to fight recklessly!
You are too injured to fight recklessly!
You are too injured to fight recklessly!
You are too injured to fight recklessly!
You are too injured to fight recklessly!
You are too injured to fight recklessly!
You are too injured to fight recklessly!
You are too injured to fight recklessly!
You are too injured to fight recklessly!
You are too injured to fight recklessly!
You are too injured to fight recklessly!
You are too injured to fight recklessly!
You are too injured to fight recklessly!
An orc wizard comes into view. It is wielding a +0 dagger.
The orc warrior hits you with a +0 glaive!
The orc warrior hits you with a +0 glaive.
* * * LOW HITPOINT WARNING * * *
An orc comes into view. It is wielding a +0 falchion.
The orc wizard shouts!
You hit the orc warrior.
The orc warrior is almost dead.
Okay, then.
You feel very mighty all of a sudden.
The orc warrior hits you with a +0 glaive!
* * * LOW HITPOINT WARNING * * *
You hit the orc warrior but do no damage.
The orc warrior is almost dead.
The orc warrior closely misses you.
You puncture the orc warrior!
You kill the orc warrior!
The orc wizard casts a spell at you. The puff of flame hits you!
You die...

## .. #. #. ## #.
.. #.###o#
######..@)o#
#....<..####
#.......#
#.......# #
#.......#####
#.####...........#
...#.......###.# #
#.#.......###.# #
#.##...##.....##.#


You could see 2 orc wizards.

Vanquished Creatures
  An orc warrior (D:4)
  A hound (D:3)
  A jelly (D:4)
  2 orc wizards (D:3)
  An iguana (D:4)
  3 adders
  A worm (D:2)
  A dart slug (D:2)
  10 orcs (D:3)
  3 endoplasms
  A giant cockroach (D:2)
  8 hobgoblins
  13 jackals
  A quokka (D:3)
  8 ball pythons
  3 bats
  5 frilled lizards
  4 goblins
  5 kobolds
  3 rats
75 creatures vanquished.

Notes
Turn   | Place    | Note
-------+----------+-------------------------------------------
     0 | D:1      | sammy202020 the Naga Fighter began the quest for the Orb.
     0 | D:1      | Reached XP level 1. HP: 21/21 MP: 1/1
     0 | D:1      | Noticed a human
     1 | D:1      | Noticed a dwarf
     1 | D:1      | Noticed a demigod
     3 | D:1      | Noticed a vine stalker
     3 | D:1      | Noticed a merfolk
     6 | D:1      | Noticed a human
     7 | D:1      | Noticed a tengu
     8 | D:1      | Noticed a draconian
    10 | D:1      | Noticed a formicid
    14 | D:1      | Noticed a gargoyle
    14 | D:1      | Noticed a ghoul
    16 | D:1      | Noticed a demonspawn
    16 | D:1      | Noticed a minotaur
    18 | D:1      | Noticed a minotaur
    18 | D:1      | Noticed a barachi
    20 | D:1      | Noticed a vampire
    66 | D:1      | Found Merippyf's Jewellery Boutique.
   601 | D:1      | Reached XP level 2. HP: 24/28 MP: 2/2
  1067 | D:2      | Reached XP level 3. HP: 3/34 MP: 3/3
  1171 | D:2      | HP: 1/34 [hobgoblin/+0 club (2)]
  1494 | D:2      | Identified the +5 spear "Plog" {speed, rN+ Str+2}
  1923 | D:2      | Found a faded altar of an unknown god.
  2343 | D:3      | Reached XP level 4. HP: 42/42 MP: 4/4
  2404 | D:3      | Found a shadowy altar of Dithmenos.
  2679 | D:3      | Reached skill level 1 in Staves
  2679 | D:3      | Reached XP level 5. HP: 46/50 MP: 5/5
  3194 | D:3      | Found Reuging's Magic Scroll Shop.
  3265 | D:3      | Reached skill level 4 in Fighting
  3273 | D:3      | Reached skill level 1 in Dodging
  3400 | D:4      | Reached XP level 6. HP: 56/57 MP: 6/6
  3436 | D:4      | Noticed an orc warrior
  3456 | D:4      | Killed an orc warrior
  3456 | D:4      | Killed from afar by an orc wizard

Illustrated notes

Levels and vault maps discovered:
D:1:      shiori_arrival_whats_in_store_for_you, layout_loops_ring,
          serial_shops, nicolae_shop_advertising_works
          [nicolae_subvault_shop_adworks], hangedman_decor_riveting
D:2:      layout_rooms, hellmonk_ecumenical_altar_heavens_door, minmay_puff
D:3:      layout_loops_corners, mainiacjoe_overflow_tiny_flanked, serial_shops,
          shop, minivault_5
D:4:      layout_loops_cross, uniq_grinder, uniq_pikel

Skill      XL: |  1  2  3  4  5 |
---------------+----------------+-----
Armour         | 3 |  3.4
Shields        | 3 |  3.4
Staves         | 1 |  1.3
Fighting       | 4 |  4.2
Dodging        | 1 |  1.1
Maces & Flails | |  2.3

Action                   |  1- 3 |  4- 6 || total
-------------------------+-------+-------++-------
Melee: Flail             |    37 |       ||    37
       Mace              |    44 |       ||    44
       Spear             |    40 |   105 ||   145
 Abil: Spit Poison       |     6 |       ||     6
  Use: Scroll            |       |    10 ||    10
       Potion            |       |     1 ||     1
Armor: Scale mail        |    57 |    31 ||    88
Dodge: Dodged            |    34 |    17 ||    51
Block: Buckler           |    20 |    12 ||    32

Table legend: (Time is in decaauts)
 A = Elapsed time spent in this place.
 B = Non-inter-level travel time spent in this place.
 C = Inter-level travel time spent in this place.
 D = Time resting spent in this place.
 E = Time spent auto-exploring this place.
 F = Levels seen in this place.
 G = Mean time per level.
                   A        B        C        D        E       F      G
               +--------+--------+--------+--------+--------+-----+--------+
         Total |   4271 |   4271 |      0 |     65 |   3351 |   4 | 1067.8 |
       Dungeon |   4271 |   4271 |      0 |     65 |   3351 |   4 | 1067.8 |
               +--------+--------+--------+--------+--------+-----+--------+

Top non-repeatable levels by time:
     D:2: 1589 daAuts
     D:3: 1292 daAuts
     D:1: 1237 daAuts
     D:4: 151 daAuts
